 Dungeon Crawl Stone Soup version 0.28-a0-1152-g9c71ebef14 (webtiles) character file.

Game seed: 7225934909463327025

2 spaghetti the Sneak (level 1, -2/18 HPs)
             Began as a Demonspawn Delver on Dec 14, 2021.
             Killed from afar by an orc wizard (5 damage)
             ... with a puff of flame
             ... on level 6 of the Dungeon.
             The game lasted 00:00:45 (76 turns).

spaghetti the Sneak (Demonspawn Delver)               Turns: 76, Time: 00:00:46

Health: -2/18      AC:  3    Str: 12    XL:     1   Next: 25%
Magic:  1/1        EV: 11    Int: 11    God:
Gold:   0          SH:  0    Dex: 14    Spells: 0/0 levels left

rFire   . . .      SeeInvis .   a - +0 falchion {long}
rCold   . . .      Faith    .   (no shield)
rNeg    . . .      Spirit   .   b - +0 leather armour
rPois   .          Reflect  .   (no helmet)
rElec   .          Harm     .   (no cloak)
rCorr   .          Rampage  .   (no gloves)
Will    .....                   (no boots)
Stlth   ++........              (no amulet)
HPRegen 0.06/turn               (no ring)
MPRegen 0.07/turn               (no ring)

@: hasted, very quick
A: no striking features
a: no special abilities


You were on level 6 of the Dungeon.
You visited 1 branch of the dungeon, and saw 2 of its levels.


   Skills:
 + Level 3.1 Fighting
 - Level 1.7 Long Blades
 - Level 1.7 Dodging
 - Level 4.5 Stealth


You couldn't memorise any spells.
You didn't know any spells.
Your spell library was empty.

Inventory:

Hand Weapons
 a - a +0 falchion (weapon) {long}
Armour
 b - a +0 leather armour (worn)
 e - a +0 helmet
   (You found it on level 6 of the Dungeon)
Wands
 g - a wand of digging (3)
Scrolls
 d - a scroll of magic mapping {!r}

Dungeon Overview and Level Annotations

Branches:
Dungeon (6/15)
 Temple: D:4-7

Altars:

##########
#...h....#
#(.......#
#........#
#..§.§.§.#
#...§§§.#
#..§§@§.#
#...§§§.#
#...§.§.#
#.......#
#.......#
#.......#
##.###)##
###### #.#
#o#####
#....# #.#
#.....#
#.##.#


You could see a hound (asleep) and an orc wizard.


Message History

🤖 Initializing magus.rc ...
Options error: Delay interrupt name "hungry" not recognised. (~/.crawlrc:4771) ✅ Successfully initialized magus.rc [v1.9.6] Welcome, spaghetti the Demonspawn Delver.
The heart of this dungeon contains the terrific artefact, the Orb of Zot.
Press ? for a list of commands and other information.
Found a stone staircase leading down.
Unknown command.
You climb downwards.
There is a stone staircase leading up here.
Unknown command.
Unknown command.
An orc and an orc wizard come into view.
An orc comes into view. It is wielding a +0 short sword.
The orc shouts!
The orc hits you with a +0 falchion!
The orc wizard mumbles some strange words.
The orc wizard flickers and vanishes!
Deactivating autopickup; reactivate with Ctrl-A. 😮 HP[-7]
You take 7 damage, and now have 11/18 hp.
MASSIVE DAMAGE!! (PAUSE) Unknown command.
Unknown command.
You closely miss the orc. The orc closely misses you.
An orc priest comes into view. It is wielding a +0 trident.
You hit the orc.
You kill the orc!
Okay, then.
You barely miss the orc. The orc hits you with a +0 short sword.
* * * LOW HITPOINT WARNING * * *
😨 HP[-2]
You take 2 damage, and now have 9/18 hp.
Unknown command.
Unknown command.
Okay, then.
Okay, then.
You start resting.
An orc priest is nearby! 😮 HP[+1]
Okay, then.
Okay, then.
Okay, then.
You hear some strange, mumbled words.
You are confused.
Unknown command.
Unknown command.
You hear some strange, mumbled words.
Something tries to affect you, but you resist.
The orc priest hits you from afar with a +0 trident.
* * * LOW HITPOINT WARNING * * *
😱 HP[-6]
You take 6 damage, and now have 4/18 hp.
MASSIVE DAMAGE!! (PAUSE) Unknown command.
You are too confused!
You feel yourself speed up. The orc priest barely misses you.
Unknown command.
Unknown command.
Unknown command.
You are too confused!
You bump into the rock wall.
Something hits you.
* * * LOW HITPOINT WARNING * * *
😱 HP[-2]
You take 2 damage, and now have 2/18 hp.
Unknown command.
Unknown command.
You aren't carrying any potions.
Unknown command.
You are too confused!
You bump into the rock wall.
The orc priest misses you.
Unknown command.
Unknown command.
Unknown command.
Unknown command.
You feel less confused.
As you read the scroll of fear, it crumbles to dust.
You assume a fearsome visage.
The orc priest looks frightened!
Unknown command.
Unknown command. 😱 HP[+1]
A hound comes into view.
You see here a +0 helmet.
e - a +0 helmet Unknown command.
Okay, then.
You aren't carrying any potions.
Okay, then.
As you read the scroll of fog, it crumbles to dust.
The scroll dissolves into smoke.
The orc wizard gestures at you while chanting.
The puff of flame hits you.
You die...

Action                   || total
-------------------------++-------
Melee: Falchion          ||     3
  Use: Scroll            ||     2
       Potion            ||     1
Dodge: Dodged            ||     3

Levels and vault maps discovered:
D:5:      layout_basic, minmay_misc_feat_pillars, minmay_between, uniq_grinder
D:6:      layout_basic, gammafunk_ghost_stat_death

Notes
Turn   | Place    | Note
-------+----------+-------------------------------------------
     0 | D:5      | spaghetti the Demonspawn Delver began the quest for the
                  | Orb.
     0 | D:5      | Reached XP level 1. HP: 18/18 MP: 1/1
     0 | D:5      | magus.rc [v1.9.6]
    38 | D:6      | Noticed an orc wizard
    40 | D:6      | Noticed an orc priest
    54 | D:6      | HP: 4/18 [orc priest (6)]
    72 | D:6      | Noticed a hound
    76 | D:6      | Killed from afar by an orc wizard

Vanquished Creatures
  An orc (D:6)
1 creature vanquished.

Table legend:
 A = Non-vault XP
 B = Vault XP
 C = Vault XP percentage of total XP
 D = Non-vault monster count
 E = Vault monster count
 F = Vault count percentage of total count
                 A         B        C        D         E       F
            +---------+---------+-------+---------+---------+-------
      Total |       3 |       0 |   0.0 |       1 |       0 |   0.0
            +---------+---------+-------+---------+---------+-------
        D:6 |       3 |       0 |   0.0 |       1 |       0 |   0.0
            +---------+---------+-------+---------+---------+-------

Illustrated notes

Table legend:
 A = Kills in this place as a percentage of kills in entire the game.
 B = Kills by you in this place as a percentage of kills by you in the entire game.
 C = Kills by friends in this place as a percentage of kills by friends in the entire game.
 D = Other kills in this place as a percentage of other kills in the entire game.
 E = Experience gained in this place as a percentage of experience gained in the entire game.
 F = Experience gained in this place divided by the number of levels of this place that you have seen.
                   A       B       C       D       E      F
               +-------+-------+-------+-------+-------+----------------------
         Total | 100.0 | 100.0 |   N/A |   N/A | 100.0 |   1.5
       Dungeon | 100.0 | 100.0 |   N/A |   N/A | 100.0 |   1.5
               +-------+-------+-------+-------+-------+----------------------

Table legend: (Time is in decaauts)
 A = Elapsed time spent in this place.
 B = Non-inter-level travel time spent in this place.
 C = Inter-level travel time spent in this place.
 D = Time resting spent in this place.
 E = Time spent auto-exploring this place.
 F = Levels seen in this place.
 G = Mean time per level.
                   A        B        C        D        E       F      G
               +--------+--------+--------+--------+--------+-----+--------+
         Total |     69 |     69 |      0 |      4 |     36 |   2 |   34.5 |
       Dungeon |     69 |     69 |      0 |      4 |     36 |   2 |   34.5 |
               +--------+--------+--------+--------+--------+-----+--------+

Top non-repeatable levels by time:
     D:6: 68 daAuts
     D:5: 1 daAuts
